 Dungeon Crawl Stone Soup version 0.31-a0-826-ga5cc291a1b (webtiles) character file.

Game seed: 10557389288100952058

2728 qw the Skirmisher (level 9, -10/58 HPs)
             Began as a Gargoyle Hunter on Sept 23, 2023.
             Killed from afar by an acid dragon (31 damage)
             ... with a splash of acid
             ... on level 8 of the Dungeon.
             The game lasted 00:02:48 (6297 turns).

qw the Skirmisher (Gargoyle Hunter)                 Turns: 6297, Time: 00:02:48

Health: -10/58     AC:  6    Str: 21    XL:     9   Next: 67%
Magic:  9/9        EV: 12    Int: 10    God:
Gold:   35         SH:  0    Dex: 17    Spells: 8/8 levels left

rFire   . . .        p - +0 hand cannon (flame)
rCold   + . .        (no shield)
rNeg    + . .        l - +0 ring mail
rPois   inf          c - +0 helmet
rElec   +            (no cloak)
rCorr   .            (no gloves)
SInv    .            f - +0 pair of boots
Will    .....        e - amulet of faith
Stlth   +            j - ring of protection from cold
HPRegen 0.29/turn    d - +6 ring of strength
MPRegen 0.11/turn

%: faith
@: corroded
A: sickness immunity, AC +6, negative energy resistance 1, electricity
resistance, torment resistance 1, petrification resistance
a: no special abilities


You were on level 8 of the Dungeon.
You visited 2 branches of the dungeon, and saw 9 of its levels.

You collected 335 gold pieces.
You spent 300 gold pieces at shops.


Innate Abilities, Weirdness & Mutations

You are immune to sickness and miasma.
Your stone body is resilient. (AC +6)
You are immune to poison.
You resist negative energy. (rN+)
You are resistant to electric shocks. (rElec)
You are resistant to unholy torment.
You are immune to petrification.


   Skills:
 + Level 7.6 Fighting
 - Level 11.0 Ranged Weapons
 - Level 3.0 Armour
 - Level 3.0 Dodging
 - Level 1.1 Stealth


You had 8 spell levels left.
You didn't know any spells.
Your spell library was empty.

Inventory:

Hand Weapons
 p - a +0 hand cannon of flaming (weapon)
Armour
 c - a +0 helmet (worn)
 f - a +0 pair of boots (worn)
 l - a +0 ring mail (worn)
Jewellery
 d - a +6 ring of strength (right hand)
 e - an amulet of faith (around neck)
 g - a ring of positive energy
 i - an amulet of reflection
 j - a ring of protection from cold (left hand)
Scrolls
 b - a scroll of identify
Potions
 a - a potion of might
 h - a potion of cancellation
 k - a potion of curing
 m - a potion of heal wounds
 n - a potion of enlightenment
 o - a potion of mutation {unknown}

Dungeon Overview and Level Annotations

Branches:
Dungeon (8/15)             Temple (1/1) D:6
   Lair: D:8-11

Altars:
Ashenzari
Cheibriados
Dithmenos
Elyvilon
Fedhas
Gozag
Hepliaklqana
Kikubaaqudgha
Qazlal
Ru
Sif Muna
Uskayaw
Vehumet
Wu Jian
Xom
Yredelemnul
The Shining One

Shops:
D:7 =   D:8 :

Annotations:
D:2 1 runed translucent door, Crazy Yiuf
D:7 2 transporters, qw's ghost, novice GrHu


Message History

Deactivating autopickup; reactivate with Ctrl-A.
You shoot a bolt. Something barely misses you.
You hear some strange, mumbled words.
A puff of flame appears from out of thin air!
The puff of flame misses you.
You shoot a bolt.
Reactivating autopickup.
You feel a bit more experienced.
You start resting.
HP restored.
Items here: % )) [.
You see here a +0 club.
There is an entrance to Wuasuog's Book Shop here.
Found a stone staircase leading up.
An acid dragon comes into view.
Found a scroll labelled HUIVUFR NULINT.
The acid dragon roars!
You hear a shout!
You shoot a bolt. The bolt hits the acid dragon!
The bolt burns the acid dragon.
The acid dragon is severely wounded.
The acid dragon spits acid at you. The splash of acid hits you!!
Ouch! That really hurt!
The acid corrodes you!
6288 ||| FLEEEEING.
6289 ||| FLEEEEING.
6290 ||| FLEEEEING.
6291 ||| FLEEEEING.
6292 ||| STILL FLEEEEING.
6293 ||| STILL FLEEEEING.
The acid dragon spits acid at you. The splash of acid hits you!
The acid corrodes you!
6294 ||| FLEEEEING.
6295 ||| FLEEEEING.
6296 ||| FLEEEEING.
6297 ||| FLEEEEING.
The acid dragon spits acid at you. The splash of acid hits you!!
Ouch! That really hurt!
You die...

######....###.##
...........#~~~#
####.######.~\~# ##.#.#
#.~.~# #.#..######.#..#
)###......).##.# #####
.....#####..##.####...#
.....# ###).).......#.#
.....###..))....@.....#
.....=...#####.##..#.##
......#### #.##..#.#
........ ..##..#.#
..:.#.### #####....#
##...(# ##.#.# ##.#.#
########.#.# #.#.#
........D..# #.#.#
.#######.#.#


You could see an acid dragon (catching breath).

Vanquished Creatures
  A water moccasin (D:7)
  4 black bears
  A sky beast (D:6)
  3 ice beasts
  3 centaurs (D:7)
  2 phantoms
  3 bullfrogs (D:7)
  A gnoll sergeant (D:5)
  2 scorpions (D:6)
  3 howler monkeys (D:7)
  3 jellies
  An orc priest (D:7)
  4 hounds
  3 iguanas
  A sleepcap (D:6)
  6 orc wizards
  Robin (D:3)
  10 adders
  19 gnolls
  A shadow imp (D:5)
  2 white imps
  2 ufetubi
  2 worms
  A dart slug (D:1)
  5 orcs
  4 ball pythons
  12 endoplasms
  5 giant cockroaches
  17 goblins
  4 hobgoblins
  6 kobolds
  2 quokkas
  5 bats
  3 frilled lizards
  6 rats
148 creatures vanquished.

Vanquished Creatures (others)
  A sky beast (D:7)
  2 orc wizards (D:4)
3 creatures vanquished.

Grand Total: 151 creatures vanquished

Notes
Turn   | Place    | Note
-------+----------+-------------------------------------------
     0 | D:1      | qw the Gargoyle Hunter began the quest for the Orb.
     0 | D:1      | Reached XP level 1. HP: 12/12 MP: 1/1
     0 | D:1      | 0 ||| qw: Version: 0.3-a-83-gcd0e7d8
     0 | D:1      | 0 ||| qw: Game counter: 1881
     0 | D:1      | 0 ||| qw: Melee chars always use a shield: true
     0 | D:1      | 0 ||| qw: God list: Okawaru
     0 | D:1      | 0 ||| qw: Allow faded altars: false
     0 | D:1      | 0 ||| qw: Do Orc after clearing Dungeon:15 true
     0 | D:1      | 0 ||| qw: Do second Lair branch before Depths: true
     0 | D:1      | 0 ||| qw: Lair rune preference: random
     0 | D:1      | 0 ||| qw: Goals: Normal
     0 | D:1      | 0 ||| PLANNING D:1-11
   135 | D:1      | Reached XP level 2. HP: 17/17 MP: 2/2
   596 | D:1      | 596 ||| UPGRADING to +0 ring mail.
   606 | D:1      | 606 ||| DROPPING +0 leather armour.
   607 | D:1      | 607 ||| UPGRADING to amulet of reflection.
   612 | D:1      | 612 ||| UPGRADING to ring of protection from cold.
   613 | D:1      | 613 ||| READING scroll labelled PUCOFF TAUX.
   614 | D:1      | 614 ||| READING scroll labelled SIPRIO LOSK.
   615 | D:1      | 615 ||| READING scroll labelled IVETUB LISMICA.
   616 | D:1      | 616 ||| READING scroll labelled SUOSSI BYLIRR.
   621 | D:1      | 621 ||| DROPPING scroll of butterflies.
   678 | D:2      | Reached XP level 3. HP: 9/21 MP: 3/3
   682 | D:2      | Reached skill level 1 in Armour
   685 | D:2      | Reached skill level 5 in Ranged Weapons
   796 | D:2      | Reached XP level 4. HP: 27/27 MP: 4/4
   797 | D:2      | Reached skill level 3 in Fighting
  1202 | D:2      | Found a runed translucent door.
  1203 | D:2      | Noticed Crazy Yiuf
  1420 | D:2      | 1420 ||| READING 2 scrolls labelled JYHAPU POSUOGI.
  1421 | D:2      | 1421 ||| READING scroll labelled BUUMENK SUZXAE.
  1422 | D:2      | 1422 ||| READING scroll labelled MANLUTESCHU.
  1423 | D:2      | 1423 ||| DRINKING 2 blue potions.
  1424 | D:2      | 1424 ||| DROPPING potion of degeneration.
  1517 | D:3      | Noticed Robin
  1526 | D:3      | Killed Robin
  1532 | D:3      | HP: 6/28 [goblin/+0 club[Robin] (2)]
  1537 | D:3      | Reached XP level 5. HP: 9/32 MP: 5/5
  2042 | D:3      | Reached skill level 6 in Ranged Weapons
  2279 | D:3      | 2279 ||| UPGRADING to +0 helmet.
  2284 | D:3      | 2284 ||| UPGRADING to +0 pair of boots.
  2289 | D:3      | 2289 ||| READING scroll labelled TYBIDW ASTRAICW.
  2290 | D:3      | 2290 ||| DRINKING 2 green potions.
  2291 | D:3      | 2291 ||| DRINKING 2 bubbling golden potions.
  2292 | D:3      | 2292 ||| DRINKING potion of curing.
  2292 | D:3      | 2292 ||| (to cure confusion)
  2293 | D:3      | 2293 ||| READING 3 scrolls of identify.
  2293 | D:3      | 2293 ||| IDENTIFYING fuming black potion
  2294 | D:3      | 2294 ||| READING 2 scrolls of identify.
  2294 | D:3      | 2294 ||| IDENTIFYING orange potion
  2295 | D:3      | 2295 ||| DROPPING potion of brilliance.
  2296 | D:3      | 2296 ||| DROPPING potion of ambrosia.
  2445 | D:4      | 2445 ||| UPGRADING to +6 ring of strength.
  2446 | D:4      | 2446 ||| READING scroll labelled RERABLOURR.
  2452 | D:4      | 2452 ||| Stepping ~*~*~tactically~*~*~ (retreating).
  2456 | D:4      | Reached XP level 6. HP: 34/38 MP: 6/6
  2499 | D:4      | 2499 ||| Stepping randomly (disturbance).
  2500 | D:4      | 2500 ||| Stepping randomly (disturbance).
  2501 | D:4      | 2501 ||| Stepping randomly (disturbance).
  2698 | D:4      | Reached skill level 7 in Ranged Weapons
  2717 | D:4      | Noticed a black bear
  2732 | D:4      | HP: 9/38 [black bear (5)]
  2733 | D:4      | 2733 ||| READING scroll of teleportation.
  2734 | D:4      | HP: 2/38 [black bear (5)]
  2735 | D:4      | Killed a black bear
  2736 | D:4      | Reached skill level 3 in Armour
  2736 | D:4      | Reached XP level 7. HP: 3/43 MP: 7/7
  3154 | D:4      | 3154 ||| FLEEEEING.
  3157 | D:4      | 3157 ||| FLEEEEING.
  3158 | D:4      | 3158 ||| FLEEEEING.
  3160 | D:4      | 3160 ||| FLEEEEING.
  3319 | D:5      | Entered Level 5 of the Dungeon
  3340 | D:5      | Reached skill level 8 in Ranged Weapons
  3412 | D:5      | 3412 ||| FLEEEEING.
  3413 | D:5      | 3413 ||| FLEEEEING.
  3414 | D:5      | 3414 ||| FLEEEEING.
  3415 | D:5      | 3415 ||| FLEEEEING.
  3416 | D:5      | 3416 ||| FLEEEEING.
  3417 | D:5      | 3417 ||| FLEEEEING.
  3418 | D:5      | 3418 ||| FLEEEEING.
  3419 | D:5      | 3419 ||| FLEEEEING.
  3421 | D:5      | 3421 ||| FLEEEEING.
  3422 | D:5      | 3422 ||| FLEEEEING.
  3423 | D:5      | 3423 ||| FLEEEEING.
  3424 | D:5      | 3424 ||| FLEEEEING.
  3425 | D:5      | 3425 ||| FLEEEEING.
  3426 | D:5      | 3426 ||| FLEEEEING.
  3427 | D:5      | 3427 ||| FLEEEEING.
  3428 | D:5      | 3428 ||| FLEEEEING.
  3431 | D:5      | 3431 ||| FLEEEEING.
  3432 | D:5      | 3432 ||| FLEEEEING.
  3433 | D:5      | 3433 ||| FLEEEEING.
  3434 | D:5      | 3434 ||| FLEEEEING.
  3435 | D:5      | 3435 ||| STAIRDANCE
  3515 | D:5      | 3515 ||| STAIRDANCE
  3752 | D:5      | Reached XP level 8. HP: 44/49 MP: 8/8
  4354 | D:5      | 4354 ||| DROPPING ring of flight.
  4355 | D:5      | 4355 ||| READING scroll labelled CUOCIA CYDA.
  4456 | D:5      | 4456 ||| READING scroll labelled WOXOLU MOJESK.
  4456 | D:5      | Identified a scroll of acquirement
  4456 | D:5      | 4456 ||| ACQUIRING amulet of faith
  4456 | D:5      | Acquired an amulet of faith
  4458 | D:5      | 4458 ||| UPGRADING to amulet of faith.
  4468 | D:5      | 4468 ||| DRINKING 2 red potions.
  4469 | D:5      | 4469 ||| DRINKING 2 murky silvery potions.
  4487 | D:5      | 4487 ||| READING 3 scrolls of identify.
  4487 | D:5      | 4487 ||| IDENTIFYING smoky amethyst potion
  4488 | D:5      | 4488 ||| READING 2 scrolls of identify.
  4488 | D:5      | 4488 ||| IDENTIFYING dark potion
  4489 | D:5      | 4489 ||| DROPPING potion of lignification.
  4517 | D:6      | Found a staircase to the Ecumenical Temple.
  4518 | D:6      | 4518 ||| PLANNING TEMPLE
  4526 | Temple   | Entered the Ecumenical Temple
  4527 | Temple   | 4527 ||| PLANNING D:1-11
  4579 | D:6      | Reached skill level 9 in Ranged Weapons
  4697 | D:6      | Reached skill level 6 in Fighting
  4738 | D:6      | 4738 ||| Stepping ~*~*~tactically~*~*~ (retreating).
  4743 | D:6      | 4743 ||| Stepping ~*~*~tactically~*~*~ (retreating).
  4744 | D:6      | 4744 ||| Stepping ~*~*~tactically~*~*~ (retreating).
  4749 | D:6      | 4749 ||| Stepping ~*~*~tactically~*~*~ (retreating).
  4751 | D:6      | 4751 ||| Stepping ~*~*~tactically~*~*~ (retreating).
  4753 | D:6      | 4753 ||| Stepping ~*~*~tactically~*~*~ (retreating).
  5100 | D:6      | 5100 ||| DRINKING 2 bubbling silvery potions.
  5101 | D:6      | 5101 ||| DROPPING potion of attraction.
  5129 | D:7      | 5129 ||| Stepping ~*~*~tactically~*~*~ (retreating).
  5143 | D:7      | Reached XP level 9. HP: 55/55 MP: 9/9
  5145 | D:7      | Reached skill level 10 in Ranged Weapons
  5165 | D:7      | Reached skill level 3 in Dodging
  5410 | D:7      | 5410 ||| SWAPPING to +0 orcbow.
  5425 | D:7      | 5425 ||| DROPPING +1 shortbow of freezing.
  5610 | D:7      | Found a transporter.
  5612 | D:7      | Noticed qw's ghost (novice GrHu)
  5616 | D:7      | Found a transporter.
  5738 | D:7      | Reached skill level 11 in Ranged Weapons
  5993 | D:7      | 5993 ||| READING scroll of acquirement.
  5993 | D:7      | 5993 ||| ACQUIRING +0 hand cannon of flaming
  5993 | D:7      | Acquired a +0 hand cannon of flaming
  5995 | D:7      | 5995 ||| SWAPPING to +0 hand cannon of flaming.
  5996 | D:7      | 5996 ||| DROPPING +0 orcbow.
  6045 | D:7      | Found Biuggu's Jewellery Shop.
  6048 | D:7      | 6048 ||| SHOPLISTING +4 ring of slaying (1170 gold, have
                  | 335).
  6048 | D:7      | 6048 ||| SHOPLISTING +6 ring of strength (540 gold, have
                  | 335).
  6048 | D:7      | 6048 ||| BUYING ring of positive energy (300 gold).
  6048 | D:7      | Bought a ring of positive energy for 300 gold pieces
  6186 | D:8      | Found Wuasuog's Book Shop.
  6288 | D:8      | 6288 ||| FLEEEEING.
  6289 | D:8      | 6289 ||| FLEEEEING.
  6290 | D:8      | 6290 ||| FLEEEEING.
  6291 | D:8      | 6291 ||| FLEEEEING.
  6294 | D:8      | 6294 ||| FLEEEEING.
  6295 | D:8      | 6295 ||| FLEEEEING.
  6296 | D:8      | 6296 ||| FLEEEEING.
  6297 | D:8      | 6297 ||| FLEEEEING.
  6297 | D:8      | Killed from afar by an acid dragon

Levels and vault maps discovered:
D:1:      matt_arrival_spirals, layout_basic, st_stairs_7, minmay_heptomino_l4
D:2:      layout_basic, uniq_crazy_yiuf_cottage
D:3:      layout_basic, minivault_14, hangedman_feature_mirror, uniq_robin
D:4:      layout_loops_ring, grunt_ministairs_11,
          minmay_a_box_with_orc_wizards_in_it
D:5:      black_bear_nest_1, layout_loops_corners
D:6:      layout_cave_pools, minmay_temple_entry_ruins
D:7:      layout_cave_pods, gammafunk_ghost_arena, serial_shops,
          nicolae_shop_real_fake_doors, grunt_ministairs_6
D:8:      layout_loops_ring, chequers_temple_overflow_minitemple, serial_shops,
          nicolae_shop_hallway_plus, nicolae_diamond_shop,
          nicolae_shop_tiny_waterfront, shop, nicolae_book_shop_shelving,
          uniq_joseph
Temple:   bh_familiar_temple

Skill      XL: |  1  2  3  4  5  6  7  8  9 |
---------------+----------------------------+-----
Armour         | 1 3 |  3.0
Ranged Weapons | 5 6 7 8 9 11 | 11.0
Fighting       | 3 4 5 6 7 |  7.6
Dodging        | 2 3 |  3.0
Stealth        | |  1.1

Action                     |  1- 3 |  4- 6 |  7- 9 || total
---------------------------+-------+-------+-------++-------
   Fire: Shortbow          |    82 |   195 |   278 ||   555
         Orcbow            |       |       |    64 ||    64
         Hand cannon       |       |       |    19 ||    19
    Use: Scroll            |     4 |     8 |     5 ||    17
         Potion            |       |     4 |     3 ||     7
 Armour: Leather armour    |    15 |       |       ||    15
         Ring mail         |    18 |   120 |   159 ||   297
  Dodge: Dodged            |    28 |    58 |   124 ||   210
  Block: Other             |     4 |    28 |    12 ||    44
         Reflection        |       |     4 |       ||     4

Table legend:
 A = Non-vault XP
 B = Vault XP
 C = Vault XP percentage of total XP
 D = Non-vault monster count
 E = Vault monster count
 F = Vault count percentage of total count
                 A         B        C        D         E       F
            +---------+---------+-------+---------+---------+-------
      Total |    3295 |     603 |  15.5 |     121 |      29 |  19.3
            +---------+---------+-------+---------+---------+-------
        D:1 |      28 |       4 |  12.5 |      18 |       3 |  14.3
        D:2 |      98 |       0 |   0.0 |      18 |       0 |   0.0
        D:3 |      66 |      33 |  33.3 |      13 |      10 |  43.5
        D:4 |     544 |     210 |  27.9 |      21 |       8 |  27.6
        D:5 |     446 |     136 |  23.4 |      11 |       1 |   8.3
        D:6 |     651 |       0 |   0.0 |      15 |       0 |   0.0
        D:7 |    1330 |     220 |  14.2 |      18 |       7 |  28.0
        D:8 |     132 |       0 |   0.0 |       7 |       0 |   0.0
            +---------+---------+-------+---------+---------+-------
